 Seeded DCSS version 0.30.1 (webtiles) character file.

Game seed: 18007716519941398942 (custom seed)

30524 oldmanjim the Grappler (level 13, -8/133 HPs)
             Began as a Troll Warper on July 4, 2023.
             Was a High Priest of the Shining One.
             Mangled by a komodo dragon (16 damage)
             ... on level 4 of the Lair of Beasts.
             The game lasted 00:58:05 (12723 turns).

oldmanjim the Grappler (Troll Warper)              Turns: 12723, Time: 00:58:06

Health: -8/133     AC: 12    Str: 26    XL:     13   Next: 21%
Magic:  27/27      EV:  9    Int: 11    God:    the Shining One [*****.]
Gold:   2252       SH:  0    Dex:  9    Spells: 10/14 levels left

rFire   . . .        b - +0 giant spiked club
rCold   . . .        (shield currently unavailable)
rNeg    + + +        N - +0 acid dragon scales
rPois   +            J - +2 hat {Will+}
rElec   .            x - +1 cloak
rCorr   +            (gloves unavailable)
SInv    +            (boots unavailable)
Will    +....        o - amulet of the acrobat
Stlth   +            s - ring of Qiuxzilo {rPois rN+ Str+2}
HPRegen 1.22/turn    Z - ring of Eckitaof {rCorr MP+9 Slay+3 SInv}
MPRegen 0.20/turn

%: acrobat
@: glowing, studying Translocations
A: large, unfitting armour, claws 3, regeneration 1, shaggy fur 1, tough skin 1
a: Renounce Religion, Divine Shield, Cleansing Flame, Summon Divine Warrior


You were on level 4 of the Lair of Beasts.
You worshipped the Shining One.
The Shining One was extremely pleased with you.
You visited 3 branches of the dungeon, and saw 15 of its levels.

You collected 2282 gold pieces.
You spent 30 gold pieces at shops.

Inventory:

Hand Weapons
 b - a +0 giant spiked club (weapon)
Missiles
 a - 5 throwing nets
 c - 7 boomerangs of dispersal
 e - 44 poisoned darts
 j - 4 stones (quivered)
 y - 6 atropa-tipped darts
 z - a curare-tipped dart
 M - 3 javelins
 W - 2 boomerangs
Armour
 f - a +2 robe of fire resistance
 x - a +1 cloak (worn)
 J - a +2 hat of willpower (worn)
 N - +0 acid dragon scales (worn)
 U - a +0 kite shield
Jewellery
 m - a ring of fire
 o - an amulet of the acrobat (around neck)
 s - the ring of Qiuxzilo (left claw) {rPois rN+ Str+2}
   (You acquired it on level 1 of the Dungeon)

   [ring of positive energy]

   Str:       It affects your strength (+2).
   rPois:     It protects you from poison.
   rN:        It protects you from negative energy.
 t - a ring of willpower
 w - a +4 ring of protection
 Z - the ring of Eckitaof (right claw) {rCorr MP+9 Slay+3 SInv}
   (You found it on level 2 of the Lair of Beasts)

   [ring of magical power]

   Slay:      It affects your accuracy & damage with ranged weapons and melee
   (+3).
   MP:        It affects your magic capacity (+9).
   SInv:      It lets you see invisible.
   rCorr:     It protects you from acid and corrosion.
Wands
 A - a wand of polymorph (13)
 C - a wand of digging (7)
 I - a wand of mindburst (12)
 O - a wand of paralysis (6)
 R - a wand of flame (11)
 X - a wand of light (7)
 Y - a wand of roots (2)
Scrolls
 d - 2 scrolls of magic mapping
 i - 3 scrolls of vulnerability
 k - 4 scrolls of amnesia
 l - 2 scrolls of butterflies {unknown}
 n - a scroll of silence
 r - a scroll of fog
 B - 6 scrolls of teleportation
 E - a scroll of brand weapon
 F - a scroll of enchant weapon {unknown}
 K - a scroll of poison
 S - a scroll of identify
 V - 3 scrolls of blinking
Potions
 g - 4 potions of berserk rage
 h - 5 potions of might
 p - 5 potions of attraction
 q - 3 potions of heal wounds
 u - a potion of resistance
 v - a potion of haste {unknown}
 D - a potion of magic {unknown}
 H - 6 potions of curing
 L - a potion of brilliance {unknown}
 P - a potion of mutation {unknown}
 Q - a potion of flight {unknown}
 T - 5 potions of ambrosia
Miscellaneous
 G - a condenser vane


   Skills:
 - Level 10.0 Fighting
 + Level 9.3 Throwing
 - Level 1.9 Dodging
 + Level 13.2 Unarmed Combat
 - Level 1.2 Spellcasting
 + Level 6.6 Translocations
 + Level 8.0 Invocations


You had 10 spell levels left.
You knew the following spells:

 Your Spells              Type           Power      Damage    Failure   Level
a - Blink                 Tloc           30%        N/A       4%          2
b - Lesser Beckoning      Tloc           30%        N/A       4%          2

Your spell library contained the following spells:

 Spells                   Type           Power      Damage    Failure   Level
 Apportation              Tloc           30%        N/A       2%          1
 Gell's Gravitas          Tloc           15%        N/A       8%          3
 Teleport Other           Tloc           15%        N/A       8%          3
 Manifold Assault         Tloc           15%        N/A       26%         4
 Vhi's Electric Charge    Tloc/Air       14%        N/A       30%         3
 Freeze                   Ice            0%         1d3       36%         1
 Necrotise                Necr           0%         1d4       36%         1
 Summon Small Mammal      Summ           0%         N/A       36%         1
 Dazzling Flash           Conj/Hex       0%         N/A       75%         3
 Frozen Ramparts          Ice            0%         1d1       75%         3
 Hailstorm                Conj/Ice       0%         3d3       75%         3
 Inner Flame              Hex/Fire       0%         N/A       75%         3
 Flame Wave               Conj/Fire      0%         2d4       98%         4
 Sticky Flame             Conj/Fire      0%         2d3       98%         4
 Agony                    Necr           0%         N/A       100%        5
 Alistair's Intoxication  Tmut/Pois      0%         N/A       100%        5
 Borgnjor's Vile Clutch   Necr/Erth      0%         N/A       100%        5
 Fireball                 Conj/Fire      0%         3d3       100%        5
 Iskenderun's Battlesphe  Conj           0%         2d6       100%        5
 Silence                  Hex/Air        0%         N/A       100%        5
 Conjure Ball Lightning   Conj/Air       0%         3x3d6     100%        6
 Eringya's Noxious Bog    Tmut/Pois      0%         N/A       100%        6
 Orb of Destruction       Conj           0%         9d5       100%        7
 Storm Form               Tmut/Air       0%         N/A       100%        7


Dungeon Overview and Level Annotations

Branches:
Dungeon (10/15)            Temple (1/1) D:7            Lair (4/5) D:10
 Shoals (0/4) Lair:2        Snake (0/4) Lair:2          Orc (0/2) D:9
  Slime: Lair:4-5

Altars:
Ashenzari
Cheibriados
Dithmenos
Elyvilon
Fedhas
Gozag
Hepliaklqana
Kikubaaqudgha
Makhleb
Nemelex Xobeh
Okawaru
Qazlal
Ru
Sif Muna
Trog
Uskayaw
Vehumet
Wu Jian
Xom
Yredelemnul
Zin
The Shining One

Shops:
D:2 :   D:6 ?   D:7 (

Annotations:
D:7 1 runed translucent door, exclusion: door, Crazy Yiuf


Innate Abilities, Weirdness & Mutations

You are too large for most types of armour.
You have claws for hands.
Your natural rate of healing is unusually fast.
You are covered in fur. (AC +1)
You have tough skin. (AC +1)


Message History

The five-headed hydra bites you but does no damage. x2
The five-headed hydra bites you. x2
The five-headed hydra bites you but does no damage.
You impale the five-headed hydra!!
The five-headed hydra is heavily wounded.
The five-headed hydra bites you!
The five-headed hydra barely misses you.
The five-headed hydra bites you. The five-headed hydra bites you!
The five-headed hydra bites you but does no damage.
The five-headed hydra bites you!
The five-headed hydra barely misses you. x2
The five-headed hydra bites you but does no damage. x2
You impale the five-headed hydra!!
The five-headed hydra is severely wounded.
The five-headed hydra bites you!
The five-headed hydra bites you but does no damage.
The five-headed hydra bites you!
The five-headed hydra bites you but does no damage. x2
Unknown command.
You puncture the five-headed hydra!
The five-headed hydra is almost dead.
The komodo dragon bites you! The five-headed hydra bites you!
The five-headed hydra bites you.
The five-headed hydra bites you but does no damage.
The five-headed hydra barely misses you.
The five-headed hydra bites you!
* * * LOW HITPOINT WARNING * * *
The komodo dragon barely misses you. The five-headed hydra bites you!
* * * LOW HITPOINT WARNING * * *
The five-headed hydra bites you but does no damage.
The five-headed hydra bites you.
* * * LOW HITPOINT WARNING * * *
The five-headed hydra bites you but does no damage.
The five-headed hydra bites you!
* * * LOW HITPOINT WARNING * * *
You perforate the five-headed hydra like a sieve!!!
You kill the five-headed hydra!
The komodo dragon bites you but does no damage.
The komodo dragon bites you!
You die...

#.........##
#...<.....#
P..........#
##........#
...........#
##.......##
..........#
#........##
.........#
##.........#
....###.P........#
................##
......l..........#
......†@.........#
................##
##...###P.^.#.###
### ########


You could see a komodo dragon.

Vanquished Creatures
  Gastronok (D:8)
  A hydra (Lair:4)
  Harold (D:9)
  Erica (D:8)
  Nergalle (D:10)
  4 oklob plants (Lair:2)
  A manticore (D:10)
  A black mamba (Lair:2)
  2 merfolk sirens (Lair:2)
  14 elephants
  8 cane toads
  A kobold demonologist (D:6)
  3 komodo dragons
  3 rime drakes (Lair:3)
  2 trolls (D:9)
  2 merfolk (Lair:2)
  2 polar bears (Lair:3)
  Grinder (D:5)
  12 blink frogs (Lair:3)
  22 yaks
  Eustachio (D:6)
  5 wyverns
  3 basilisks
  3 steam dragons
  An acid dragon (D:8)
  A floating eye (D:9)
  24 water moccasins
  An orc warrior (D:10)
  3 black bears
  2 ice beasts (D:7)
  3 ogres
  5 wolves (Lair:2)
  7 centaurs
  3 phantoms
  2 kobold brigands (D:7)
  Blork the orc (D:4)
  3 gnoll sergeants
  6 bullfrogs
  2 scorpions
  9 wights
  7 killer bees (D:9)
  A crimson imp (D:9)
  4 gnoll boudas
  2 jellies
  An orc priest (D:6)
  3 hounds
  A sleepcap (D:4)
  3 iguanas
  Ijyb (D:5)
  5 orc wizards
  33 gnolls
  6 adders
  6 shadow imps
  2 white imps
  3 worms (D:2)
  4 dart slugs
  15 orcs
  3 bats
  10 endoplasms
  4 giant cockroaches
  11 goblins
  2 hobgoblins (D:1)
  6 jackals
  4 quokkas
  7 ball pythons
  4 frilled lizards
  20 kobolds
  6 rats
342 creatures vanquished.

Notes
Turn   | Place    | Note
-------+----------+-------------------------------------------
     0 | D:1      | oldmanjim the Troll Warper began the quest for the Orb.
     0 | D:1      | Reached XP level 1. HP: 19/19 MP: 1/1
   198 | D:1      | Reached XP level 2. HP: 28/28 MP: 2/2
   345 | D:1      | Reached XP level 3. HP: 35/35 MP: 3/3
   447 | D:1      | Found a faded altar of an unknown god.
   447 | D:1      | Noticed a neqoxec
   757 | D:1      | Reached skill level 3 in Unarmed Combat
   967 | D:1      | Identified 3 scrolls of acquirement
   967 | D:1      | Acquired 519 gold pieces
   968 | D:1      | Acquired 875 gold pieces
   969 | D:1      | Acquired the ring of Qiuxzilo {rPois rN+ Str+2}
  1060 | D:2      | Found Lemucar's Book Boutique.
  1113 | D:2      | Identified the +2 hand axe "Plog" {drain, +Blink rCorr}
  1271 | D:2      | Reached XP level 4. HP: 37/44 MP: 4/4
  1738 | D:3      | Found a glowing silver altar of Zin.
  2089 | D:3      | Found a shimmering altar of Xom.
  2091 | D:3      | You fall into a shaft and drop 2 floors!
  2091 | D:5      | Entered Level 5 of the Dungeon
  2094 | D:5      | Noticed a phantom
  2106 | D:4      | Killed a phantom
  2107 | D:4      | Reached skill level 4 in Unarmed Combat
  2107 | D:4      | Reached XP level 5. HP: 46/53 MP: 5/5
  2475 | D:3      | Found a stormy altar of Qazlal.
  2520 | D:3      | Found a glowing golden altar of the Shining One.
  2698 | D:3      | Became a worshipper of the Shining One
  2712 | D:4      | Noticed Blork the orc
  2720 | D:4      | Killed Blork the orc
  2721 | D:4      | Reached XP level 6. HP: 61/62 MP: 6/6
  2778 | D:4      | Reached skill level 5 in Unarmed Combat
  2869 | D:4      | Found a sparkling altar of Nemelex Xobeh.
  2991 | D:4      | Found an ornate altar of the Wu Jian Council.
  3194 | D:5      | Reached XP level 7. HP: 70/71 MP: 7/7
  3258 | D:5      | Noticed Grinder
  3265 | D:5      | Paralysed by Grinder for 4 turns
  3272 | D:5      | Reached skill level 5 in Fighting
  3272 | D:5      | Reached skill level 6 in Unarmed Combat
  3281 | D:5      | Paralysed by Grinder for 2 turns
  3290 | D:5      | Killed Grinder
  3307 | D:5      | Reached * piety under the Shining One
  3313 | D:5      | Reached XP level 8. HP: 83/83 MP: 8/8
  3371 | D:5      | Reached skill level 7 in Unarmed Combat
  3649 | D:5      | Found a sacrificial altar of Ru.
  3731 | D:5      | Noticed Ijyb
  3739 | D:5      | Killed Ijyb
  3943 | D:6      | Reached skill level 8 in Unarmed Combat
  4076 | D:6      | Found Bevuivysk's Magic Scroll Shop.
  4084 | D:6      | Bought a scroll of identify for 30 gold pieces
  4159 | D:6      | Noticed a kobold demonologist
  4174 | D:6      | Killed a kobold demonologist
  4174 | D:6      | Reached ** piety under the Shining One
  4175 | D:6      | Reached XP level 9. HP: 93/93 MP: 9/9
  4178 | D:6      | Learned a level 2 spell: Blink
  4181 | D:6      | Learned a level 2 spell: Lesser Beckoning
  4186 | D:6      | Noticed Eustachio
  4196 | D:6      | Killed Eustachio
  4197 | D:6      | Reached skill level 1 in Throwing
  4366 | D:6      | Found a basalt altar of Yredelemnul.
  4572 | D:6      | Reached skill level 9 in Unarmed Combat
  5031 | D:7      | Found a bloodstained altar of Trog.
  5133 | D:7      | Found Voneir's Antique Weapon Shop.
  5471 | D:7      | Found a staircase to the Ecumenical Temple.
  5543 | D:7      | Found a runed translucent door.
  5544 | D:7      | Noticed Crazy Yiuf
  5870 | Temple   | Entered the Ecumenical Temple
  6066 | D:8      | Reached *** piety under the Shining One
  6067 | D:8      | Noticed Gastronok
  6119 | D:8      | Killed Gastronok
  6120 | D:8      | Reached XP level 10. HP: 92/104 MP: 5/10
  6148 | D:8      | Noticed Erica
  6156 | D:8      | Killed Erica
  6157 | D:8      | Reached skill level 10 in Unarmed Combat
  6443 | D:8      | Found an iron altar of Okawaru.
  6808 | D:9      | Reached skill level 1 in Invocations
  6897 | D:9      | Found a radiant altar of Vehumet.
  6898 | D:9      | Found a burning altar of Makhleb.
  6971 | D:9      | Paralysed by a floating eye for 4 turns
  6982 | D:9      | Reached skill level 5 in Throwing
  7026 | D:9      | Noticed Harold
  7037 | D:9      | Killed Harold
  7158 | D:9      | Reached XP level 11. HP: 115/115 MP: 12/12
  7190 | D:9      | Found a staircase to the Orcish Mines.
  7632 | D:10     | Entered Level 10 of the Dungeon
  7640 | D:10     | Noticed Nergalle
  7646 | D:10     | Killed Nergalle
  7701 | D:10     | Found an ancient bone altar of Kikubaaqudgha.
  7826 | D:10     | Reached skill level 11 in Unarmed Combat
  7888 | D:10     | Found a snail-covered altar of Cheibriados.
  8161 | D:10     | Found a staircase to the Lair.
  8918 | Lair:1   | Entered Level 1 of the Lair of Beasts
  9822 | Lair:2   | Reached **** piety under the Shining One
  9838 | Lair:2   | Reached skill level 5 in Invocations
  9941 | Lair:2   | Found a staircase to the Shoals.
  9956 | Lair:2   | Reached XP level 12. HP: 56/126 MP: 7/15
 10144 | Lair:2   | Found a staircase to the Snake Pit.
 10151 | Lair:2   | Reached skill level 10 in Fighting
 10163 | Lair:2   | Reached skill level 12 in Unarmed Combat
 11043 | Lair:2   | Acquired a manual of Translocations
 11104 | Lair:2   | Identified the ring of Eckitaof {rCorr MP+9 Slay+3 SInv}
 11499 | Lair:3   | Reached skill level 5 in Translocations
 12311 | Lair:4   | Reached skill level 13 in Unarmed Combat
 12317 | Lair:4   | Reached XP level 13. HP: 106/133 MP: 17/17
 12387 | Lair:4   | Reached ***** piety under the Shining One
 12722 | Lair:4   | HP: 6/133 [five-headed hydra (11)]
 12723 | Lair:4   | Mangled by a komodo dragon

Illustrated notes

Levels and vault maps discovered:
D:1:      psy_arrival_dodecagon, layout_basic,
          dreamdust_ecumenical_altar_sealed_demon
D:2:      layout_loops_cross, serial_shops, shop, minmay_misc_feat_cross,
          glass_columns_c, minmay_ruptured
D:3:      layout_basic, xom_butterflies, nicolae_qazlal_scattered_showers,
          nicolae_overflow_crystal_walls, tso_oasis_becter
D:4:      layout_cave_pools, kennysheep_mini, nicolae_wu_jian_wuxing_cycle,
          serial_column_ruins, column_ruins_circle_small, column_ruins_grid_3,
          column_ruins_open_large, column_ruins_grid_1, column_ruins_grid_1,
          column_ruins_open_tiny, chequers_hall_statues_wall_a,
          chequers_serial_rivers_micro_c, uniq_blork_the_orc
D:5:      minmay_evil_eye, layout_rooms, nicolae_ru_the_path_less_chosen,
          uniq_ijyb, uniq_grinder
D:6:      layout_basic, mainiacjoe_overflow_paths, serial_shops,
          nicolae_shop_tiny_statue_garden, uniq_eustachio
D:7:      layout_basic, trog_three_pillars_becter,
          minmay_temple_entry_antechambers, serial_shops, shop,
          patterned_corridor, uniq_crazy_yiuf_cottage
D:8:      layout_basic, mainiacjoe_overflow_brackets, minmay_misc_feat_rows,
          uniq_erica, uniq_gastronok
D:9:      layout_stronghold, grunt_temple_overflow_lords_of_destruction,
          orc_0_dummy, onia_ninara_cookie, uniq_harold
D:10:     layout_loops_ring, kiku_gazebo_garden_becter, cheibriados_altar_1,
          erik_lair_dragon, reono_crystal_passage, uniq_nergalle
Temple:   hellmonk_temple_forest_ring
Lair:1:   layout_cave_pods, hangedman_lair_unloving_vines, serial_bayou_pond_a,
          st_stairs_4, lemuel_fruit_tree
Lair:2:   minmay_lair_oklob_tunnel, layout_loops_ring,
          elwin_shoals_entry_stream, minmay_snake_entry_six_corridors
Lair:3:   layout_chaotic_city, serial_bayou_pond_d, cheibrodos_lair_reptile_den
Lair:4:   layout_big_grid, chequers_serial_rivers_micro_d,
          chequers_serial_rivers_small_b, serial_bayou_shore_a,
          infiniplex_staircase_pool_2

Skill      XL: |  1  2  3  4  5  6  7  8  9 10 11 12 13 |
---------------+----------------------------------------+-----
Fighting       | 2 3 4 5 7 8 9 10 | 10.0
Unarmed Combat | 3 4 5 6 8 9 10 11 13 | 13.2
Throwing       | 4 5 7 9 |  9.3
Translocations | 4 5 6 |  6.6
Invocations    | 3 5 7 8 |  8.0
Dodging        | |  1.9
Spellcasting   | |  1.2

Action                     |  1- 3 |  4- 6 |  7- 9 | 10-12 | 13-15 || total
---------------------------+-------+-------+-------+-------+-------++-------
  Melee: Unarmed           |   112 |    87 |   238 |   451 |    60 ||   948
         Punch             |     1 |     2 |    17 |    51 |    12 ||    83
         Giant spiked club |       |       |       |       |     5 ||     5
  Throw: Dart              |       |       |    10 |     4 |       ||    14
         Stone             |       |       |     4 |    40 |       ||    44
   Cast: Lesser Beckoning  |       |       |     4 |     8 |       ||    12
 Invoke: Divine Shield     |       |       |       |     1 |       ||     1
         Cleansing Flame   |       |       |       |     1 |       ||     1
    Use: Scroll            |     6 |     5 |     5 |     9 |     2 ||    27
         Potion            |       |       |       |     1 |       ||     1
   Stab: Sleeping          |     1 |       |       |       |       ||     1
 Armour: Robe              |    31 |    36 |    51 |     6 |       ||   124
         Acid dragon scale |       |       |       |   167 |    53 ||   220
  Dodge: Dodged            |    47 |    46 |   151 |   194 |    48 ||   486
  Block: Other             |       |       |       |     3 |       ||     3
